General information
			
			
        
        - name: BNet
 
        - type: Ladder team game (AT/RT)
 
        - host: Battle.net
 
        - saver: TojarasTurkey
 
        
map: GoldRush 
        - players: 8
 
        - length: 63:58
 
        - speed: Fast
 - version: 1.22 W3XP
 - replay type:  Public
 
» download(428 KB)
Players
        team 1 (winner) 
              
              
» 
whoknowss (
yellow | 29 APM | 1836 actions | 63:38)
              
 4 Demon Hunter 
 1 Immolation
 2 Evasion
 1 Mana Burn
 2 Priestess of the Moon 
 1 Trueshot Aura
 1 Scout
 2 Keeper of the Grove 
 1 Entangling Roots
 1 Thorns Aura
 
                » actions 
                
                | Assign group hotkey | 2 |  | 
| Build / train | 139 |  | 
| Enter build submenu | 26 |  | 
| Enter hero's abilities submenu | 8 |  | 
| Give item / drop item | 4 |  | 
| Remove unit from queue | 1 |  | 
| Right click | 1001 |  | 
| Select / deselect | 466 |  | 
| Select group hotkey | 20 |  | 
| Use ability | 169 |  | 
                1836 total
 » units 
                
                | Wisp | 43 |  | 
| Archer | 2 |  | 
| Huntress | 4 |  | 
| Hippogryph | 8 |  | 
| Chimaera | 35 |  | 
                92 total
 » upgrades
                
                | Strength of the Wild | 3 |  | 
| Reinforced Hides | 3 |  | 
| Well Spring | 1 |  | 
| Corrosive Breath | 1 |  | 
| Nature's Blessing | 1 |  | 
| Ultravision | 1 |  | 
                10 total
 » buildings
                
                | Altar of Elders | 1 |  | 
| Moon Well | 9 |  | 
| Ancient of War | 1 |  | 
| Hunter's Hall | 1 |  | 
| Ancient Protector | 5 |  | 
| Tree of Life | 2 |  | 
| Ancient of Wonders | 1 |  | 
| Tree of Ages | 1 |  | 
| Ancient of Wind | 2 |  | 
| Tree of Eternity | 1 |  | 
| Chimaera Roost | 3 |  | 
                27 total
 » build order
                00:23 Altar of Elders
00:36 Moon Well
00:52 Ancient of War
01:42 Moon Well
02:16 Hunter's Hall
02:43 Moon Well
04:13 Ancient Protector
05:16 Ancient Protector
05:19 Ancient Protector
05:24 Ancient Protector
05:31 Ancient Protector
06:04 Moon Well
07:01 Moon Well
07:13 Tree of Life
07:29 Ancient of Wonders
07:47 Tree of Ages
08:38 Moon Well
10:16 Ancient of Wind
10:25 Ancient of Wind
11:41 Moon Well
12:03 Tree of Eternity
12:41 Moon Well
13:43 Moon Well
14:42 Chimaera Roost
14:49 Chimaera Roost
14:52 Chimaera Roost
17:28 Tree of Life
» items
                
                | Orb of Venom | 2 |  | 
| Potion of Healing | 2 |  | 
| Orb of Fire | 1 |  | 
| Scroll of Town Portal | 6 |  | 
| Scroll of Regeneration | 1 |  | 
| Orb of Lightning | 1 |  | 
| Dust of Appearance | 3 |  | 
| Periapt of Vitality | 1 |  | 
| Circlet of Nobility | 2 |  | 
| Boots of Speed | 2 |  | 
| Potion of Lesser Invulnerability | 1 |  | 
                22 total
  
               
              
              
MsClausPlusNine (
pink | 94 APM | 6025 actions | 63:58)
              
 6 Blademaster 
 2 Wind Walk
 3 Critical Strike
 1 Bladestorm
 6 Tauren Chieftain 
 3 Shockwave
 2 Endurance Aura
 1 Reincarnation
 5 Shadow Hunter 
 3 Healing Wave
 1 Serpent Ward
 1 Hex
 
                » actions 
                
                | Assign group hotkey | 8 |  | 
| Basic commands | 12 |  | 
| Build / train | 104 |  | 
| Enter build submenu | 139 |  | 
| Enter hero's abilities submenu | 17 |  | 
| Give item / drop item | 26 |  | 
| Remove unit from queue | 1 |  | 
| Right click | 3499 |  | 
| Select / deselect | 688 |  | 
| Select group hotkey | 921 |  | 
| Use ability | 606 |  | 
                6025 total
 » units 
                » upgrades
                » buildings
                
                | Altar of Storms | 1 |  | 
| Orc Burrow | 2 |  | 
| War Mill | 1 |  | 
| Watch Tower | 377 |  | 
| Voodoo Lounge | 2 |  | 
| Stronghold | 1 |  | 
| Great Hall | 6 |  | 
| Fortress | 1 |  | 
                391 total
 » build order
                00:08 Altar of Storms
00:26 Orc Burrow
01:05 War Mill
02:19 Watch Tower
02:26 Watch Tower
02:54 Voodoo Lounge
03:12 Watch Tower
03:14 Watch Tower
03:34 Stronghold
04:09 Watch Tower
04:53 Great Hall
04:57 Watch Tower
05:08 Watch Tower
06:07 Orc Burrow
06:33 Great Hall
07:26 Fortress
07:47 Watch Tower
07:48 Watch Tower
07:50 Watch Tower
10:23 Watch Tower
10:24 Watch Tower
10:25 Watch Tower
11:20 Watch Tower
12:04 Watch Tower
12:05 Watch Tower
12:06 Watch Tower
12:32 Watch Tower
12:33 Watch Tower
12:34 Watch Tower
12:59 Watch Tower
13:01 Watch Tower
15:46 Watch Tower
15:49 Watch Tower
17:14 Great Hall
17:19 Great Hall
17:56 Watch Tower
18:26 Great Hall
18:32 Watch Tower
18:32 Watch Tower
18:33 Watch Tower
18:34 Watch Tower
18:35 Watch Tower
18:36 Watch Tower
18:37 Watch Tower
18:39 Watch Tower
18:40 Watch Tower
20:47 Watch Tower
20:48 Watch Tower
20:49 Watch Tower
20:51 Watch Tower
20:52 Watch Tower
20:53 Watch Tower
20:55 Watch Tower
20:56 Watch Tower
20:57 Watch Tower
20:58 Watch Tower
20:59 Watch Tower
21:00 Watch Tower
21:01 Watch Tower
21:03 Watch Tower
21:04 Watch Tower
21:07 Watch Tower
21:14 Watch Tower
21:16 Watch Tower
22:45 Watch Tower
22:47 Watch Tower
22:47 Watch Tower
22:52 Watch Tower
22:53 Watch Tower
22:53 Watch Tower
22:56 Watch Tower
22:57 Watch Tower
23:16 Watch Tower
23:21 Watch Tower
23:22 Watch Tower
24:05 Watch Tower
24:06 Watch Tower
24:06 Watch Tower
24:08 Watch Tower
25:41 Watch Tower
25:41 Watch Tower
25:42 Watch Tower
25:43 Watch Tower
25:43 Watch Tower
25:45 Watch Tower
25:45 Watch Tower
25:46 Watch Tower
25:47 Watch Tower
26:30 Watch Tower
28:25 Watch Tower
28:27 Watch Tower
28:30 Watch Tower
28:30 Watch Tower
28:31 Watch Tower
29:43 Watch Tower
29:43 Watch Tower
31:07 Watch Tower
31:07 Watch Tower
31:08 Watch Tower
31:30 Watch Tower
31:52 Watch Tower
32:11 Watch Tower
32:12 Watch Tower
33:19 Watch Tower
33:33 Voodoo Lounge
33:53 Watch Tower
34:17 Watch Tower
34:19 Watch Tower
34:20 Watch Tower
35:05 Watch Tower
35:05 Watch Tower
36:37 Watch Tower
36:38 Watch Tower
37:33 Watch Tower
37:39 Watch Tower
37:40 Watch Tower
37:41 Watch Tower
37:45 Watch Tower
37:46 Watch Tower
37:48 Watch Tower
37:48 Watch Tower
38:01 Watch Tower
38:01 Watch Tower
38:03 Watch Tower
38:03 Watch Tower
38:04 Watch Tower
38:28 Watch Tower
38:28 Watch Tower
38:29 Watch Tower
38:30 Watch Tower
38:30 Watch Tower
38:31 Watch Tower
38:33 Watch Tower
38:33 Watch Tower
38:34 Watch Tower
38:35 Watch Tower
38:35 Watch Tower
38:36 Watch Tower
38:37 Watch Tower
38:38 Watch Tower
38:39 Watch Tower
38:39 Watch Tower
38:52 Watch Tower
38:53 Watch Tower
38:53 Watch Tower
38:55 Watch Tower
38:55 Watch Tower
38:56 Watch Tower
38:56 Watch Tower
41:33 Watch Tower
41:33 Watch Tower
41:34 Watch Tower
42:02 Watch Tower
42:46 Great Hall
43:17 Watch Tower
43:17 Watch Tower
43:18 Watch Tower
43:18 Watch Tower
43:47 Watch Tower
43:47 Watch Tower
43:48 Watch Tower
43:48 Watch Tower
43:49 Watch Tower
43:50 Watch Tower
43:52 Watch Tower
43:52 Watch Tower
43:52 Watch Tower
44:01 Watch Tower
44:01 Watch Tower
44:01 Watch Tower
44:02 Watch Tower
44:19 Watch Tower
44:20 Watch Tower
44:20 Watch Tower
44:20 Watch Tower
44:22 Watch Tower
44:23 Watch Tower
44:24 Watch Tower
45:13 Watch Tower
45:14 Watch Tower
45:15 Watch Tower
45:16 Watch Tower
45:16 Watch Tower
45:16 Watch Tower
45:41 Watch Tower
45:42 Watch Tower
45:42 Watch Tower
45:44 Watch Tower
45:44 Watch Tower
45:46 Watch Tower
45:46 Watch Tower
46:48 Watch Tower
46:48 Watch Tower
46:49 Watch Tower
46:50 Watch Tower
46:50 Watch Tower
46:52 Watch Tower
46:52 Watch Tower
46:53 Watch Tower
46:53 Watch Tower
47:03 Watch Tower
47:03 Watch Tower
47:10 Watch Tower
47:10 Watch Tower
47:11 Watch Tower
47:12 Watch Tower
47:57 Watch Tower
47:57 Watch Tower
47:57 Watch Tower
47:57 Watch Tower
48:51 Watch Tower
48:52 Watch Tower
49:06 Watch Tower
49:06 Watch Tower
49:52 Watch Tower
49:52 Watch Tower
49:52 Watch Tower
50:07 Watch Tower
50:07 Watch Tower
52:31 Watch Tower
52:31 Watch Tower
52:31 Watch Tower
52:33 Watch Tower
52:34 Watch Tower
52:34 Watch Tower
52:35 Watch Tower
52:35 Watch Tower
52:36 Watch Tower
52:36 Watch Tower
52:38 Watch Tower
52:38 Watch Tower
52:39 Watch Tower
52:39 Watch Tower
52:39 Watch Tower
52:40 Watch Tower
52:41 Watch Tower
52:41 Watch Tower
52:41 Watch Tower
52:41 Watch Tower
52:42 Watch Tower
52:42 Watch Tower
52:45 Watch Tower
52:45 Watch Tower
52:46 Watch Tower
52:46 Watch Tower
52:46 Watch Tower
52:46 Watch Tower
52:47 Watch Tower
52:47 Watch Tower
52:49 Watch Tower
52:49 Watch Tower
52:49 Watch Tower
52:49 Watch Tower
52:51 Watch Tower
52:52 Watch Tower
52:52 Watch Tower
52:52 Watch Tower
53:05 Watch Tower
53:06 Watch Tower
53:06 Watch Tower
53:06 Watch Tower
53:06 Watch Tower
53:07 Watch Tower
53:07 Watch Tower
53:07 Watch Tower
53:07 Watch Tower
55:38 Watch Tower
55:39 Watch Tower
55:39 Watch Tower
57:37 Watch Tower
57:38 Watch Tower
57:39 Watch Tower
57:39 Watch Tower
57:39 Watch Tower
57:41 Watch Tower
57:41 Watch Tower
57:42 Watch Tower
57:43 Watch Tower
57:43 Watch Tower
57:43 Watch Tower
57:45 Watch Tower
57:46 Watch Tower
57:46 Watch Tower
57:46 Watch Tower
57:46 Watch Tower
57:47 Watch Tower
57:48 Watch Tower
57:48 Watch Tower
57:48 Watch Tower
57:49 Watch Tower
57:54 Watch Tower
57:55 Watch Tower
58:56 Watch Tower
58:56 Watch Tower
61:04 Watch Tower
61:04 Watch Tower
61:05 Watch Tower
61:05 Watch Tower
61:06 Watch Tower
61:06 Watch Tower
61:06 Watch Tower
61:11 Watch Tower
61:11 Watch Tower
61:12 Watch Tower
61:12 Watch Tower
61:13 Watch Tower
61:14 Watch Tower
61:15 Watch Tower
61:15 Watch Tower
61:16 Watch Tower
61:17 Watch Tower
61:17 Watch Tower
61:18 Watch Tower
61:24 Watch Tower
61:24 Watch Tower
61:34 Watch Tower
61:34 Watch Tower
61:35 Watch Tower
61:35 Watch Tower
62:56 Watch Tower
62:56 Watch Tower
62:56 Watch Tower
63:00 Watch Tower
63:00 Watch Tower
63:00 Watch Tower
63:01 Watch Tower
» items
                
                | Healing Salve | 8 |  | 
| Lesser Clarity Potion | 20 |  | 
| Boots of Speed | 3 |  | 
| Potion of Lesser Invulnerability | 1 |  | 
| Orb of Lightning | 3 |  | 
| Tome of Retraining | 1 |  | 
| Staff of Sanctuary | 3 |  | 
| Potion of Mana | 1 |  | 
                40 total
  
               
              
              
deck.the.balls (
green | 46 APM | 2965 actions | 63:58)
              
 6 Blademaster 
 3 Wind Walk
 3 Critical Strike
 
                » actions 
                
                | Assign group hotkey | 2 |  | 
| Basic commands | 28 |  | 
| Build / train | 105 |  | 
| ESC pressed | 3 |  | 
| Enter build submenu | 249 |  | 
| Enter hero's abilities submenu | 6 |  | 
| Give item / drop item | 12 |  | 
| Right click | 1172 |  | 
| Select / deselect | 478 |  | 
| Select group hotkey | 489 |  | 
| Use ability | 421 |  | 
                2965 total
 » units 
                » upgrades
                
                | Spiked Barricades | 3 |  | 
| Reinforced Defenses | 1 |  | 
| Ranged Weapons | 3 |  | 
| Armor | 3 |  | 
| Pillage | 1 |  | 
| Backpack | 1 |  | 
| Troll Regeneration | 1 |  | 
| Burning Oil | 1 |  | 
| Berserker Upgrade | 1 |  | 
| Berserker Strength | 1 |  | 
| Melee Weapons | 3 |  | 
                19 total
 » buildings
                
                | Altar of Storms | 1 |  | 
| Orc Burrow | 3 |  | 
| War Mill | 1 |  | 
| Watch Tower | 238 |  | 
| Voodoo Lounge | 1 |  | 
| Stronghold | 4 |  | 
| Fortress | 4 |  | 
| Great Hall | 2 |  | 
| Barracks | 1 |  | 
                255 total
 » build order
                00:08 Altar of Storms
00:17 Orc Burrow
00:31 War Mill
01:53 Watch Tower
02:00 Voodoo Lounge
02:14 Orc Burrow
02:55 Watch Tower
03:16 Watch Tower
03:20 Watch Tower
03:53 Watch Tower
04:08 Watch Tower
04:33 Stronghold
04:33 Stronghold
04:33 Stronghold
04:45 Watch Tower
05:16 Watch Tower
06:24 Watch Tower
06:25 Watch Tower
06:54 Fortress
06:54 Fortress
06:54 Fortress
07:06 Watch Tower
07:09 Watch Tower
08:33 Watch Tower
08:33 Watch Tower
09:41 Watch Tower
09:42 Watch Tower
10:20 Watch Tower
10:22 Watch Tower
11:58 Watch Tower
11:59 Watch Tower
12:30 Great Hall
12:39 Watch Tower
12:40 Watch Tower
12:52 Watch Tower
12:54 Watch Tower
13:28 Watch Tower
13:31 Watch Tower
13:57 Watch Tower
13:58 Watch Tower
15:05 Watch Tower
15:06 Watch Tower
16:40 Watch Tower
16:41 Watch Tower
17:05 Watch Tower
17:06 Watch Tower
17:22 Watch Tower
17:25 Watch Tower
20:17 Watch Tower
20:17 Watch Tower
21:28 Watch Tower
21:28 Watch Tower
22:41 Watch Tower
22:42 Watch Tower
24:05 Watch Tower
24:05 Watch Tower
25:46 Watch Tower
25:47 Watch Tower
26:52 Watch Tower
26:54 Watch Tower
27:59 Watch Tower
28:00 Watch Tower
28:22 Barracks
29:08 Watch Tower
29:09 Watch Tower
30:20 Watch Tower
30:21 Watch Tower
31:38 Watch Tower
31:40 Watch Tower
32:37 Watch Tower
32:40 Watch Tower
33:39 Orc Burrow
33:50 Watch Tower
33:53 Watch Tower
35:16 Watch Tower
35:17 Watch Tower
36:33 Watch Tower
36:34 Watch Tower
37:55 Watch Tower
37:56 Watch Tower
39:35 Watch Tower
39:36 Watch Tower
39:37 Watch Tower
39:39 Watch Tower
39:40 Watch Tower
39:45 Watch Tower
39:48 Watch Tower
39:58 Watch Tower
40:00 Watch Tower
40:43 Watch Tower
40:46 Watch Tower
40:47 Watch Tower
40:49 Watch Tower
40:52 Watch Tower
41:20 Watch Tower
41:21 Watch Tower
42:21 Watch Tower
42:22 Watch Tower
42:24 Watch Tower
42:27 Watch Tower
42:31 Watch Tower
42:51 Watch Tower
42:53 Watch Tower
42:55 Watch Tower
43:28 Watch Tower
43:30 Watch Tower
43:41 Watch Tower
43:42 Watch Tower
43:44 Watch Tower
43:58 Watch Tower
44:12 Watch Tower
44:15 Watch Tower
44:35 Great Hall
44:44 Watch Tower
44:50 Watch Tower
45:25 Watch Tower
45:30 Watch Tower
46:15 Watch Tower
46:17 Watch Tower
46:20 Watch Tower
46:24 Watch Tower
46:42 Watch Tower
46:51 Watch Tower
46:54 Watch Tower
47:31 Watch Tower
47:40 Watch Tower
48:05 Watch Tower
48:06 Watch Tower
48:20 Watch Tower
48:27 Watch Tower
48:30 Watch Tower
48:35 Watch Tower
48:53 Watch Tower
49:16 Watch Tower
49:19 Watch Tower
49:23 Watch Tower
49:27 Watch Tower
49:31 Watch Tower
49:39 Watch Tower
50:18 Watch Tower
50:24 Watch Tower
50:29 Watch Tower
51:15 Watch Tower
51:15 Watch Tower
51:21 Watch Tower
51:22 Watch Tower
51:23 Watch Tower
51:25 Watch Tower
51:26 Watch Tower
52:01 Watch Tower
52:02 Watch Tower
52:06 Watch Tower
52:07 Watch Tower
52:30 Watch Tower
52:42 Watch Tower
52:52 Watch Tower
52:53 Watch Tower
52:54 Watch Tower
52:58 Watch Tower
53:03 Watch Tower
53:03 Watch Tower
53:10 Watch Tower
53:15 Watch Tower
53:31 Watch Tower
53:38 Watch Tower
53:38 Watch Tower
53:40 Watch Tower
53:48 Watch Tower
54:30 Watch Tower
54:31 Watch Tower
54:33 Watch Tower
54:36 Watch Tower
54:40 Watch Tower
54:41 Watch Tower
54:41 Watch Tower
54:43 Watch Tower
54:46 Watch Tower
54:48 Watch Tower
54:49 Watch Tower
54:53 Watch Tower
54:55 Watch Tower
55:14 Watch Tower
55:15 Watch Tower
55:17 Watch Tower
55:45 Watch Tower
55:47 Watch Tower
55:52 Watch Tower
56:03 Watch Tower
56:04 Watch Tower
56:07 Watch Tower
56:24 Watch Tower
56:25 Watch Tower
56:29 Watch Tower
56:46 Watch Tower
56:47 Watch Tower
56:48 Watch Tower
57:04 Watch Tower
57:16 Watch Tower
57:16 Watch Tower
57:18 Watch Tower
57:22 Watch Tower
57:23 Watch Tower
57:32 Watch Tower
57:45 Watch Tower
57:50 Watch Tower
58:02 Watch Tower
58:11 Watch Tower
58:15 Watch Tower
58:16 Watch Tower
58:18 Watch Tower
58:22 Watch Tower
58:27 Watch Tower
58:32 Watch Tower
58:47 Watch Tower
58:56 Watch Tower
58:57 Watch Tower
58:58 Watch Tower
59:08 Watch Tower
59:11 Watch Tower
59:48 Watch Tower
59:49 Watch Tower
59:55 Watch Tower
59:56 Watch Tower
59:58 Watch Tower
60:11 Watch Tower
60:13 Watch Tower
60:50 Watch Tower
60:52 Watch Tower
60:55 Watch Tower
60:59 Watch Tower
61:04 Watch Tower
61:16 Watch Tower
61:18 Watch Tower
61:24 Watch Tower
61:28 Watch Tower
61:39 Watch Tower
61:40 Watch Tower
62:06 Watch Tower
62:12 Watch Tower
62:18 Watch Tower
62:21 Watch Tower
62:25 Watch Tower
62:26 Watch Tower
62:32 Watch Tower
62:37 Watch Tower
62:42 Watch Tower
62:48 Watch Tower
62:57 Watch Tower
63:10 Watch Tower
63:14 Watch Tower
63:34 Watch Tower
63:35 Watch Tower
63:36 Watch Tower
» items
                
                | Lesser Clarity Potion | 15 |  | 
| Healing Salve | 8 |  | 
| Boots of Speed | 1 |  | 
| Staff of Teleportation | 1 |  | 
| Circlet of Nobility | 2 |  | 
| Orb of Lightning | 1 |  | 
| Potion of Mana | 6 |  | 
| Potion of Healing | 3 |  | 
| Scroll of Speed | 1 |  | 
| Scroll of Healing | 2 |  | 
| Scroll of Regeneration | 1 |  | 
| Potion of Lesser Invulnerability | 4 |  | 
                45 total
  
               
              
              
yousecretsanta (
red | 34 APM | 2149 actions | 63:58)
              
 3 Archmage 
 2 Blizzard
 1 Brilliance Aura
 2 Blood Mage 
 1 Flame Strike
 1 Banish
 
                » actions 
                
                | Basic commands | 64 |  | 
| Build / train | 247 |  | 
| Enter build submenu | 75 |  | 
| Enter hero's abilities submenu | 5 |  | 
| Remove unit from queue | 4 |  | 
| Right click | 718 |  | 
| Select / deselect | 616 |  | 
| Use ability | 420 |  | 
                2149 total
 » units 
                
                | Peasant | 46 |  | 
| Priest | 2 |  | 
| Sorceress | 3 |  | 
                51 total
 » upgrades
                
                | Masonry | 3 |  | 
| Lumber Harvesting | 2 |  | 
| Magic Sentry | 1 |  | 
| Sorceress Training | 2 |  | 
| Priest Training | 2 |  | 
| Swords | 2 |  | 
| Plating | 2 |  | 
| Gunpowder | 2 |  | 
| Armor | 2 |  | 
| Cloud | 1 |  | 
| Storm Hammers | 1 |  | 
                20 total
 » buildings
                
                | Altar of Kings | 4 |  | 
| Farm | 49 |  | 
| Scout Tower | 265 |  | 
| Lumber Mill | 6 |  | 
| Arcane Tower | 1 |  | 
| Arcane Vault | 3 |  | 
| Guard Tower | 153 |  | 
| Town Hall | 3 |  | 
| Keep | 1 |  | 
| Arcane Sanctum | 2 |  | 
| Castle | 1 |  | 
| Gryphon Aviary | 3 |  | 
| Blacksmith | 6 |  | 
| Workshop | 2 |  | 
| Barracks | 2 |  | 
                501 total
 » build order
                00:10 Altar of Kings
00:16 Farm
00:24 Scout Tower
00:34 Lumber Mill
01:03 Arcane Tower
01:31 Scout Tower
02:01 Farm
02:08 Farm
03:02 Arcane Vault
03:08 Guard Tower
04:30 Town Hall
04:41 Scout Tower
04:43 Scout Tower
04:45 Scout Tower
04:55 Scout Tower
04:57 Scout Tower
04:58 Scout Tower
04:59 Scout Tower
05:00 Scout Tower
05:02 Scout Tower
05:15 Scout Tower
05:17 Scout Tower
05:21 Scout Tower
05:23 Scout Tower
05:24 Scout Tower
05:33 Scout Tower
05:34 Scout Tower
05:36 Scout Tower
06:15 Guard Tower
06:15 Guard Tower
06:26 Guard Tower
06:33 Guard Tower
06:33 Guard Tower
06:33 Guard Tower
06:48 Guard Tower
06:48 Guard Tower
06:49 Guard Tower
06:53 Guard Tower
06:53 Guard Tower
06:53 Guard Tower
06:53 Guard Tower
06:57 Guard Tower
06:58 Guard Tower
06:58 Guard Tower
06:58 Guard Tower
07:38 Guard Tower
07:41 Guard Tower
07:42 Guard Tower
07:45 Guard Tower
08:00 Scout Tower
08:01 Scout Tower
08:03 Scout Tower
08:04 Scout Tower
08:05 Scout Tower
08:07 Scout Tower
08:10 Scout Tower
08:11 Scout Tower
08:25 Guard Tower
08:32 Guard Tower
08:33 Guard Tower
08:53 Scout Tower
08:55 Scout Tower
08:56 Scout Tower
08:57 Scout Tower
08:57 Scout Tower
08:58 Scout Tower
08:58 Scout Tower
09:02 Guard Tower
09:02 Guard Tower
09:20 Scout Tower
09:21 Scout Tower
09:22 Scout Tower
09:22 Scout Tower
09:23 Scout Tower
09:24 Scout Tower
09:27 Guard Tower
09:27 Guard Tower
09:30 Scout Tower
09:35 Scout Tower
09:37 Scout Tower
09:41 Scout Tower
09:42 Scout Tower
10:18 Scout Tower
10:19 Scout Tower
10:19 Scout Tower
10:20 Scout Tower
10:21 Scout Tower
10:21 Scout Tower
10:27 Scout Tower
10:28 Scout Tower
10:29 Scout Tower
10:30 Scout Tower
10:31 Scout Tower
10:32 Scout Tower
10:40 Guard Tower
10:46 Scout Tower
10:46 Scout Tower
10:47 Scout Tower
10:48 Scout Tower
10:53 Scout Tower
10:57 Guard Tower
11:01 Guard Tower
11:01 Guard Tower
11:06 Guard Tower
11:06 Guard Tower
11:06 Guard Tower
11:19 Lumber Mill
11:36 Keep
11:39 Guard Tower
11:39 Guard Tower
11:39 Guard Tower
11:44 Guard Tower
11:45 Guard Tower
11:45 Guard Tower
11:59 Guard Tower
12:00 Guard Tower
12:00 Guard Tower
12:02 Guard Tower
12:03 Guard Tower
12:19 Guard Tower
12:19 Guard Tower
12:25 Arcane Vault
12:37 Guard Tower
12:38 Guard Tower
12:38 Guard Tower
12:44 Guard Tower
12:45 Guard Tower
12:52 Guard Tower
12:52 Guard Tower
13:04 Guard Tower
13:09 Guard Tower
13:23 Scout Tower
13:24 Scout Tower
13:26 Scout Tower
13:27 Scout Tower
13:28 Scout Tower
13:29 Scout Tower
13:33 Scout Tower
13:36 Scout Tower
13:37 Scout Tower
13:38 Scout Tower
13:40 Scout Tower
13:40 Scout Tower
13:46 Scout Tower
13:47 Scout Tower
13:51 Scout Tower
13:52 Scout Tower
13:53 Scout Tower
14:02 Arcane Sanctum
14:20 Farm
14:21 Farm
14:23 Farm
14:23 Farm
14:41 Castle
14:47 Guard Tower
14:47 Guard Tower
14:51 Guard Tower
14:52 Guard Tower
14:52 Guard Tower
16:09 Scout Tower
16:10 Scout Tower
16:12 Scout Tower
16:13 Scout Tower
16:14 Scout Tower
16:17 Scout Tower
16:30 Guard Tower
16:30 Guard Tower
17:04 Guard Tower
17:06 Guard Tower
17:08 Guard Tower
17:13 Town Hall
17:20 Guard Tower
17:20 Guard Tower
17:49 Guard Tower
18:29 Town Hall
18:32 Scout Tower
18:34 Scout Tower
18:35 Scout Tower
18:36 Scout Tower
18:37 Scout Tower
18:38 Scout Tower
18:41 Scout Tower
18:43 Scout Tower
18:46 Scout Tower
18:46 Scout Tower
18:48 Scout Tower
18:49 Scout Tower
18:52 Scout Tower
18:53 Scout Tower
18:55 Scout Tower
18:56 Scout Tower
18:57 Scout Tower
18:57 Scout Tower
19:56 Guard Tower
19:57 Guard Tower
20:04 Guard Tower
20:10 Guard Tower
20:15 Scout Tower
20:16 Scout Tower
20:18 Scout Tower
20:18 Scout Tower
20:19 Scout Tower
20:20 Scout Tower
20:26 Scout Tower
20:27 Scout Tower
20:28 Scout Tower
20:29 Scout Tower
20:30 Scout Tower
20:31 Scout Tower
20:35 Guard Tower
20:52 Guard Tower
20:52 Guard Tower
21:04 Guard Tower
21:07 Guard Tower
21:11 Guard Tower
21:37 Guard Tower
21:42 Scout Tower
21:44 Scout Tower
21:46 Scout Tower
21:46 Scout Tower
21:48 Scout Tower
21:49 Scout Tower
21:58 Guard Tower
21:58 Guard Tower
22:05 Guard Tower
22:10 Scout Tower
22:29 Guard Tower
24:02 Guard Tower
24:04 Guard Tower
24:12 Lumber Mill
24:39 Scout Tower
24:41 Scout Tower
24:42 Scout Tower
24:44 Scout Tower
24:45 Scout Tower
24:46 Scout Tower
24:47 Scout Tower
24:49 Scout Tower
24:51 Scout Tower
24:52 Scout Tower
24:54 Scout Tower
24:56 Scout Tower
24:58 Scout Tower
24:59 Scout Tower
25:00 Scout Tower
25:02 Scout Tower
25:04 Scout Tower
25:06 Scout Tower
25:07 Scout Tower
25:08 Scout Tower
25:10 Scout Tower
25:11 Scout Tower
25:12 Scout Tower
25:15 Scout Tower
25:16 Scout Tower
25:18 Scout Tower
25:19 Scout Tower
25:20 Scout Tower
25:22 Scout Tower
25:25 Scout Tower
25:26 Scout Tower
25:27 Scout Tower
25:28 Scout Tower
25:31 Scout Tower
25:32 Scout Tower
25:34 Scout Tower
25:35 Scout Tower
25:37 Scout Tower
25:38 Scout Tower
25:39 Scout Tower
25:41 Scout Tower
25:42 Scout Tower
25:46 Guard Tower
25:46 Guard Tower
26:23 Guard Tower
26:29 Scout Tower
26:30 Scout Tower
26:31 Scout Tower
26:32 Scout Tower
26:33 Scout Tower
26:35 Scout Tower
26:36 Scout Tower
26:38 Scout Tower
26:38 Scout Tower
26:40 Scout Tower
26:42 Scout Tower
26:42 Scout Tower
26:44 Scout Tower
26:45 Scout Tower
26:46 Scout Tower
26:47 Scout Tower
26:48 Scout Tower
26:49 Scout Tower
26:50 Scout Tower
26:52 Scout Tower
26:53 Scout Tower
26:56 Scout Tower
26:57 Scout Tower
26:58 Scout Tower
27:00 Scout Tower
27:06 Guard Tower
27:33 Guard Tower
27:44 Guard Tower
28:03 Guard Tower
28:08 Guard Tower
28:25 Guard Tower
28:32 Guard Tower
28:38 Guard Tower
29:04 Scout Tower
29:05 Scout Tower
29:07 Scout Tower
29:08 Scout Tower
29:14 Guard Tower
29:33 Guard Tower
29:58 Lumber Mill
30:05 Guard Tower
30:13 Scout Tower
30:13 Scout Tower
30:14 Scout Tower
30:15 Scout Tower
30:17 Scout Tower
30:18 Scout Tower
30:21 Scout Tower
30:22 Scout Tower
30:24 Scout Tower
30:25 Scout Tower
30:26 Scout Tower
30:27 Scout Tower
30:30 Scout Tower
30:30 Scout Tower
30:31 Scout Tower
30:33 Scout Tower
30:34 Scout Tower
30:36 Scout Tower
30:37 Scout Tower
30:38 Scout Tower
30:40 Scout Tower
30:41 Scout Tower
30:43 Scout Tower
30:43 Scout Tower
30:45 Scout Tower
30:46 Scout Tower
30:48 Scout Tower
30:49 Scout Tower
30:50 Scout Tower
30:51 Scout Tower
30:52 Scout Tower
30:53 Scout Tower
30:54 Scout Tower
30:55 Scout Tower
30:56 Scout Tower
30:57 Scout Tower
30:58 Scout Tower
30:59 Scout Tower
31:03 Guard Tower
31:03 Guard Tower
31:11 Guard Tower
31:11 Guard Tower
31:29 Guard Tower
31:29 Guard Tower
31:50 Guard Tower
31:51 Guard Tower
31:55 Guard Tower
31:55 Guard Tower
32:09 Scout Tower
32:09 Scout Tower
32:10 Scout Tower
32:11 Scout Tower
32:12 Scout Tower
32:13 Scout Tower
32:14 Scout Tower
32:14 Scout Tower
32:16 Scout Tower
32:17 Scout Tower
32:18 Scout Tower
32:20 Scout Tower
32:21 Scout Tower
32:22 Scout Tower
32:23 Scout Tower
32:23 Scout Tower
32:28 Guard Tower
32:33 Guard Tower
32:40 Guard Tower
32:40 Guard Tower
33:20 Guard Tower
33:50 Guard Tower
33:50 Guard Tower
34:07 Guard Tower
34:36 Guard Tower
34:36 Guard Tower
35:02 Guard Tower
35:05 Guard Tower
35:40 Guard Tower
35:40 Guard Tower
36:11 Guard Tower
36:11 Guard Tower
36:18 Scout Tower
36:19 Scout Tower
36:20 Scout Tower
36:21 Scout Tower
36:43 Guard Tower
37:43 Guard Tower
37:43 Guard Tower
38:15 Guard Tower
38:16 Guard Tower
38:41 Guard Tower
38:42 Guard Tower
39:58 Lumber Mill
44:02 Farm
44:03 Farm
44:04 Farm
44:05 Farm
44:06 Farm
44:07 Farm
44:09 Farm
44:10 Farm
44:11 Farm
44:26 Farm
44:29 Farm
44:30 Farm
44:32 Farm
44:35 Farm
44:36 Farm
44:37 Farm
44:38 Farm
44:39 Farm
44:40 Farm
45:21 Farm
45:26 Farm
45:27 Farm
45:28 Farm
45:30 Farm
45:33 Farm
45:34 Farm
45:35 Farm
45:44 Farm
47:15 Farm
49:28 Farm
49:29 Farm
49:53 Scout Tower
49:54 Scout Tower
49:55 Scout Tower
49:57 Scout Tower
49:59 Scout Tower
50:01 Scout Tower
50:02 Scout Tower
50:03 Scout Tower
50:05 Scout Tower
50:06 Scout Tower
50:07 Scout Tower
50:09 Scout Tower
50:10 Scout Tower
50:11 Scout Tower
50:45 Guard Tower
50:48 Guard Tower
51:41 Gryphon Aviary
51:42 Gryphon Aviary
51:44 Gryphon Aviary
51:50 Blacksmith
51:51 Blacksmith
51:53 Blacksmith
51:54 Blacksmith
51:55 Blacksmith
52:10 Guard Tower
53:53 Guard Tower
57:39 Altar of Kings
57:46 Altar of Kings
59:54 Farm
59:54 Farm
59:55 Farm
59:56 Farm
59:57 Farm
59:59 Farm
60:03 Arcane Sanctum
60:09 Workshop
60:12 Workshop
60:15 Farm
60:16 Farm
60:21 Barracks
60:23 Farm
60:30 Blacksmith
60:33 Farm
60:39 Barracks
60:42 Lumber Mill
60:46 Farm
61:12 Altar of Kings
61:16 Arcane Vault
» items
                
                | Boots of Speed | 2 |  | 
| Staff of Teleportation | 2 |  | 
| Orb of Lightning | 2 |  | 
| Potion of Healing | 1 |  | 
| Tiny Great Hall | 1 |  | 
                8 total
  
               team 2 (loser) 
              
              
» 
BackStabbing (
purple | 36 APM | 1830 actions | 50:48)
              
 3 Death Knight 
 1 Death Coil
 2 Unholy Aura
 5 Crypt Lord 
 3 Impale
 2 Spiked Carapace
 
                » actions 
                
                | Assign group hotkey | 29 |  | 
| Basic commands | 17 |  | 
| Build / train | 107 |  | 
| Enter build submenu | 31 |  | 
| Enter hero's abilities submenu | 8 |  | 
| Give item / drop item | 2 |  | 
| Remove unit from queue | 2 |  | 
| Right click | 921 |  | 
| Select / deselect | 547 |  | 
| Select group hotkey | 68 |  | 
| Use ability | 93 |  | 
                1830 total
 » units 
                
                | Acolyte | 16 |  | 
| Ghoul | 6 |  | 
| Crypt Fiend | 23 |  | 
| Frost Wyrm | 20 |  | 
                65 total
 » upgrades
                
                | Creature Attack | 3 |  | 
| Creature Carapace | 3 |  | 
| Web | 1 |  | 
| Burrow | 1 |  | 
| Freezing Breath | 1 |  | 
                9 total
 » buildings
                
                | Ziggurat | 9 |  | 
| Crypt | 2 |  | 
| Altar of Darkness | 1 |  | 
| Tomb of Relics | 1 |  | 
| Graveyard | 2 |  | 
| Nerubian Tower | 3 |  | 
| Halls of the Dead | 1 |  | 
| Necropolis | 1 |  | 
| Spirit Tower | 3 |  | 
| Black Citadel | 1 |  | 
| Sacrificial Pit | 1 |  | 
| Boneyard | 4 |  | 
| Guard Tower | 1 |  | 
                30 total
 » build order
                00:10 Ziggurat
00:13 Crypt
00:39 Altar of Darkness
00:59 Tomb of Relics
01:21 Crypt
02:00 Graveyard
02:43 Nerubian Tower
03:46 Ziggurat
03:48 Ziggurat
08:17 Ziggurat
08:23 Ziggurat
09:31 Halls of the Dead
09:45 Ziggurat
09:46 Ziggurat
12:05 Necropolis
12:07 Nerubian Tower
12:09 Spirit Tower
12:24 Nerubian Tower
16:43 Black Citadel
16:48 Sacrificial Pit
22:09 Boneyard
22:15 Boneyard
22:18 Boneyard
22:22 Boneyard
23:59 Graveyard
24:27 Ziggurat
24:29 Ziggurat
24:47 Spirit Tower
31:59 Spirit Tower
47:34 Guard Tower
» items
                
                | Rod of Necromancy | 1 |  | 
| Dust of Appearance | 3 |  | 
| Potion of Healing | 3 |  | 
| Orb of Corruption | 1 |  | 
| Scroll of Healing | 3 |  | 
| Potion of Mana | 1 |  | 
                12 total
  
               
              
              
» 
ElfJockstrap (
orange | 88 APM | 5610 actions | 63:58)
              
 6 Blademaster 
 2 Wind Walk
 3 Critical Strike
 1 Bladestorm
 5 Beastmaster 
 2 Summon Quilbeast
 3 Summon Hawk
 
                » actions 
                
                | Assign group hotkey | 47 |  | 
| Basic commands | 29 |  | 
| Build / train | 117 |  | 
| ESC pressed | 4 |  | 
| Enter build submenu | 73 |  | 
| Enter hero's abilities submenu | 13 |  | 
| Give item / drop item | 21 |  | 
| Remove unit from queue | 1 |  | 
| Right click | 2462 |  | 
| Select / deselect | 921 |  | 
| Select group hotkey | 1651 |  | 
| Use ability | 267 |  | 
                5610 total
 » units 
                
                | Peon | 21 |  | 
| Wind Rider | 9 |  | 
| Troll Batrider | 14 |  | 
                44 total
 » upgrades
                
                | Ranged Weapons | 4 |  | 
| Reinforced Defenses | 1 |  | 
| Pillage | 1 |  | 
| Envenomed Spears | 1 |  | 
| Armor | 3 |  | 
| Liquid Fire | 1 |  | 
| Spiked Barricades | 3 |  | 
| Backpack | 1 |  | 
| Melee Weapons | 2 |  | 
                17 total
 » buildings
                
                | Altar of Storms | 1 |  | 
| Orc Burrow | 3 |  | 
| War Mill | 1 |  | 
| Voodoo Lounge | 1 |  | 
| Watch Tower | 74 |  | 
| Stronghold | 1 |  | 
| Fortress | 1 |  | 
| Great Hall | 2 |  | 
| Beastiary | 2 |  | 
                86 total
 » build order
                00:05 Altar of Storms
00:19 Orc Burrow
01:03 War Mill
02:01 Voodoo Lounge
02:24 Watch Tower
02:40 Watch Tower
02:59 Watch Tower
03:04 Orc Burrow
03:35 Stronghold
03:52 Watch Tower
04:13 Watch Tower
04:43 Watch Tower
05:00 Watch Tower
05:08 Watch Tower
05:53 Watch Tower
06:20 Watch Tower
06:22 Watch Tower
06:57 Watch Tower
07:26 Watch Tower
07:34 Watch Tower
07:42 Watch Tower
07:44 Fortress
08:04 Watch Tower
08:40 Great Hall
08:47 Watch Tower
08:53 Watch Tower
09:11 Watch Tower
09:58 Watch Tower
10:08 Watch Tower
10:19 Orc Burrow
11:04 Beastiary
12:11 Beastiary
12:39 Watch Tower
12:41 Watch Tower
12:42 Watch Tower
14:52 Watch Tower
14:52 Watch Tower
14:53 Watch Tower
18:49 Watch Tower
18:50 Watch Tower
18:51 Watch Tower
18:52 Watch Tower
18:52 Watch Tower
18:53 Watch Tower
19:53 Great Hall
25:00 Watch Tower
25:28 Watch Tower
25:29 Watch Tower
25:29 Watch Tower
28:13 Watch Tower
28:18 Watch Tower
28:21 Watch Tower
28:23 Watch Tower
28:44 Watch Tower
28:44 Watch Tower
28:45 Watch Tower
28:46 Watch Tower
28:47 Watch Tower
29:23 Watch Tower
29:25 Watch Tower
29:26 Watch Tower
29:27 Watch Tower
33:43 Watch Tower
33:45 Watch Tower
33:48 Watch Tower
33:50 Watch Tower
33:56 Watch Tower
35:54 Watch Tower
35:56 Watch Tower
35:58 Watch Tower
36:24 Watch Tower
36:34 Watch Tower
36:38 Watch Tower
36:39 Watch Tower
37:40 Watch Tower
38:02 Watch Tower
39:06 Watch Tower
39:41 Watch Tower
39:45 Watch Tower
39:48 Watch Tower
39:49 Watch Tower
43:50 Watch Tower
43:52 Watch Tower
43:55 Watch Tower
43:59 Watch Tower
44:02 Watch Tower
» items
                
                | Healing Salve | 10 |  | 
| Lesser Clarity Potion | 10 |  | 
| Orb of Lightning | 2 |  | 
| Potion of Healing | 3 |  | 
| Periapt of Vitality | 3 |  | 
| Boots of Speed | 2 |  | 
| Staff of Teleportation | 2 |  | 
| Tiny Great Hall | 1 |  | 
| Scroll of Town Portal | 3 |  | 
                36 total
  
               
              
              
TojarasTurkey (
teal | 77 APM | 4945 actions | 63:58)
              
 6 Blademaster 
 2 Wind Walk
 3 Critical Strike
 1 Bladestorm
 3 Pandaren Brewmaster 
 1 Drunken Haze
 2 Breath of Fire
 3 Tauren Chieftain 
 2 Shockwave
 1 Endurance Aura
 1 Paladin 
 1 Holy Light
 
                » actions 
                
                | Assign group hotkey | 97 |  | 
| Basic commands | 235 |  | 
| Build / train | 134 |  | 
| ESC pressed | 10 |  | 
| Enter build submenu | 221 |  | 
| Enter hero's abilities submenu | 14 |  | 
| Give item / drop item | 59 |  | 
| Right click | 1860 |  | 
| Select / deselect | 657 |  | 
| Select group hotkey | 1250 |  | 
| Use ability | 402 |  | 
                4945 total
 » units 
                
                | Peon | 20 |  | 
| Forest Troll Shadow Priest | 2 |  | 
| Forest Troll Berserker | 2 |  | 
| Mud Golem | 1 |  | 
| Ogre Mauler | 4 |  | 
| Wind Rider | 2 |  | 
| Kodo Beast | 1 |  | 
                32 total
 » upgrades
                
                | Spiked Barricades | 3 |  | 
| Reinforced Defenses | 1 |  | 
| Envenomed Spears | 1 |  | 
| War Drums Damage Increase | 1 |  | 
| Ranged Weapons | 3 |  | 
| Liquid Fire | 1 |  | 
| Ensnare | 1 |  | 
| Armor | 1 |  | 
| Lumber Harvesting | 1 |  | 
| Masonry | 2 |  | 
                15 total
 » buildings
                
                | Altar of Storms | 1 |  | 
| Orc Burrow | 3 |  | 
| War Mill | 1 |  | 
| Voodoo Lounge | 1 |  | 
| Watch Tower | 132 |  | 
| Stronghold | 1 |  | 
| Fortress | 1 |  | 
| Great Hall | 2 |  | 
| Beastiary | 3 |  | 
| Spirit Lodge | 2 |  | 
| Lumber Mill | 1 |  | 
| Scout Tower | 44 |  | 
| Guard Tower | 17 |  | 
| Farm | 5 |  | 
| Cannon Tower | 1 |  | 
                215 total
 » build order
                00:09 Altar of Storms
00:23 Orc Burrow
00:54 War Mill
01:12 Voodoo Lounge
01:37 Orc Burrow
02:30 Watch Tower
02:42 Watch Tower
02:57 Watch Tower
03:44 Watch Tower
04:26 Watch Tower
04:27 Watch Tower
04:43 Stronghold
05:04 Watch Tower
05:04 Watch Tower
05:58 Watch Tower
05:59 Watch Tower
07:05 Orc Burrow
07:06 Fortress
09:50 Great Hall
10:43 Watch Tower
10:43 Watch Tower
11:22 Watch Tower
11:23 Watch Tower
11:36 Beastiary
11:38 Beastiary
12:09 Watch Tower
12:10 Watch Tower
12:10 Watch Tower
12:23 Beastiary
14:45 Watch Tower
16:18 Watch Tower
16:19 Watch Tower
16:20 Watch Tower
19:56 Watch Tower
19:56 Watch Tower
23:14 Watch Tower
23:15 Watch Tower
23:16 Watch Tower
26:54 Watch Tower
28:12 Watch Tower
28:13 Watch Tower
28:42 Spirit Lodge
28:44 Spirit Lodge
29:17 Great Hall
30:16 Watch Tower
30:17 Watch Tower
30:18 Watch Tower
32:12 Watch Tower
32:14 Watch Tower
32:15 Watch Tower
32:16 Watch Tower
32:17 Watch Tower
36:26 Watch Tower
36:28 Watch Tower
37:28 Lumber Mill
38:46 Watch Tower
38:49 Watch Tower
38:53 Watch Tower
39:52 Watch Tower
39:54 Watch Tower
39:56 Watch Tower
39:58 Watch Tower
40:02 Watch Tower
40:04 Watch Tower
40:06 Watch Tower
40:23 Watch Tower
41:22 Watch Tower
41:23 Watch Tower
41:24 Watch Tower
41:25 Watch Tower
41:27 Watch Tower
41:30 Watch Tower
41:32 Watch Tower
41:38 Watch Tower
41:38 Watch Tower
41:43 Watch Tower
41:45 Watch Tower
42:05 Watch Tower
42:12 Watch Tower
42:23 Scout Tower
42:30 Scout Tower
42:31 Scout Tower
42:32 Scout Tower
42:33 Scout Tower
42:33 Scout Tower
42:34 Scout Tower
42:38 Watch Tower
42:40 Watch Tower
42:41 Watch Tower
43:04 Watch Tower
43:13 Watch Tower
43:15 Watch Tower
43:16 Watch Tower
43:22 Watch Tower
43:36 Watch Tower
43:48 Watch Tower
43:56 Watch Tower
43:57 Watch Tower
43:58 Watch Tower
44:30 Watch Tower
44:32 Watch Tower
44:35 Watch Tower
44:41 Watch Tower
45:15 Watch Tower
45:16 Watch Tower
45:19 Watch Tower
45:48 Watch Tower
46:03 Watch Tower
46:06 Watch Tower
46:07 Watch Tower
46:09 Watch Tower
46:18 Watch Tower
46:20 Watch Tower
46:55 Watch Tower
47:03 Watch Tower
47:04 Watch Tower
47:06 Watch Tower
47:12 Watch Tower
47:24 Watch Tower
47:31 Watch Tower
47:32 Watch Tower
47:38 Watch Tower
48:17 Watch Tower
48:18 Watch Tower
48:18 Watch Tower
48:19 Watch Tower
48:20 Watch Tower
48:34 Watch Tower
48:35 Watch Tower
48:37 Watch Tower
48:39 Watch Tower
48:47 Watch Tower
48:51 Watch Tower
48:59 Scout Tower
49:01 Scout Tower
49:05 Scout Tower
49:06 Scout Tower
49:08 Scout Tower
49:09 Scout Tower
49:10 Scout Tower
49:14 Scout Tower
49:15 Scout Tower
49:18 Scout Tower
49:29 Watch Tower
49:31 Watch Tower
49:32 Watch Tower
49:34 Watch Tower
49:35 Watch Tower
49:39 Watch Tower
49:46 Watch Tower
49:54 Guard Tower
50:06 Farm
50:11 Farm
50:13 Farm
50:18 Farm
50:23 Farm
50:30 Guard Tower
50:30 Guard Tower
50:37 Watch Tower
50:38 Watch Tower
50:44 Watch Tower
50:50 Watch Tower
50:53 Watch Tower
50:56 Watch Tower
50:57 Watch Tower
51:00 Watch Tower
51:03 Watch Tower
51:10 Scout Tower
51:13 Scout Tower
51:14 Watch Tower
51:24 Scout Tower
51:32 Scout Tower
51:33 Scout Tower
51:35 Scout Tower
51:36 Scout Tower
51:37 Scout Tower
51:45 Watch Tower
52:01 Guard Tower
52:01 Guard Tower
52:03 Scout Tower
52:07 Scout Tower
52:11 Guard Tower
52:16 Scout Tower
52:18 Guard Tower
52:18 Guard Tower
52:33 Watch Tower
52:43 Scout Tower
52:44 Scout Tower
52:45 Scout Tower
52:47 Scout Tower
52:49 Scout Tower
52:51 Scout Tower
52:53 Watch Tower
52:58 Scout Tower
53:21 Guard Tower
53:38 Scout Tower
53:39 Scout Tower
53:40 Scout Tower
53:44 Scout Tower
53:47 Scout Tower
54:04 Guard Tower
54:05 Guard Tower
54:08 Scout Tower
54:10 Scout Tower
54:17 Guard Tower
54:18 Guard Tower
54:27 Watch Tower
54:29 Watch Tower
55:01 Guard Tower
55:02 Guard Tower
55:20 Scout Tower
55:30 Scout Tower
56:01 Cannon Tower
» items
                
                | Healing Salve | 6 |  | 
| Lesser Clarity Potion | 6 |  | 
| Boots of Speed | 5 |  | 
| Staff of Teleportation | 6 |  | 
| Circlet of Nobility | 3 |  | 
| Orb of Lightning | 3 |  | 
| Scroll of Speed | 2 |  | 
| Potion of Healing | 3 |  | 
| Rod of Necromancy | 1 |  | 
| Orb of Corruption | 2 |  | 
| Staff of Sanctuary | 1 |  | 
| Tome of Retraining | 2 |  | 
| Dust of Appearance | 5 |  | 
                45 total
  
               
              
              
A1ieN. (
blue | 43 APM | 1348 actions | 31:08)
              
 4 Paladin 
 1 Holy Light
 1 Divine Shield
 2 Devotion Aura
 2 Mountain King 
 1 Storm Bolt
 1 Bash
 
                » actions 
                
                | Assign group hotkey | 34 |  | 
| Basic commands | 1 |  | 
| Build / train | 70 |  | 
| Enter build submenu | 28 |  | 
| Enter hero's abilities submenu | 6 |  | 
| Remove unit from queue | 1 |  | 
| Right click | 456 |  | 
| Select / deselect | 374 |  | 
| Select group hotkey | 307 |  | 
| Use ability | 71 |  | 
                1348 total
 » units 
                
                | Peasant | 20 |  | 
| Footman | 1 |  | 
| Rifleman | 14 |  | 
| Sorceress | 3 |  | 
| Mortar Team | 13 |  | 
                51 total
 » upgrades
                
                | Armor | 2 |  | 
| Gunpowder | 2 |  | 
| Lumber Harvesting | 1 |  | 
| Fragmentation Shards | 1 |  | 
| Flare | 1 |  | 
                7 total
 » buildings
                
                | Altar of Kings | 1 |  | 
| Farm | 15 |  | 
| Barracks | 2 |  | 
| Blacksmith | 1 |  | 
| Lumber Mill | 2 |  | 
| Keep | 1 |  | 
| Town Hall | 3 |  | 
| Arcane Vault | 1 |  | 
| Arcane Sanctum | 2 |  | 
| Workshop | 2 |  | 
| Castle | 1 |  | 
                31 total
 » build order
                00:05 Altar of Kings
00:11 Farm
00:27 Barracks
01:36 Blacksmith
01:46 Farm
02:27 Barracks
02:47 Farm
03:28 Lumber Mill
03:45 Farm
04:42 Farm
04:43 Farm
05:16 Keep
06:12 Farm
07:13 Farm
07:48 Town Hall
08:59 Arcane Vault
09:18 Farm
09:19 Farm
10:29 Arcane Sanctum
10:32 Arcane Sanctum
10:58 Workshop
11:02 Workshop
12:33 Farm
12:33 Farm
13:09 Castle
13:13 Farm
13:13 Farm
13:45 Farm
13:50 Lumber Mill
23:54 Town Hall
27:51 Town Hall
» items
                
                | Potion of Mana | 1 |  | 
| Scroll of Regeneration | 1 |  | 
                2 total
  
                Chat log
          (00:33 / Allies) A1ieN.: sup
(00:40 / All) TojarasTurkey: merry Christmas
(00:46 / All) yousecretsanta: happy holidays
(00:48 / All) MsClausPlusNine: merry Christmas
(00:49 / All) deck.the.balls: merry xmas
(00:51 / All) TojarasTurkey: dont forget to leave cookies and milk out
(00:56 / All) yousecretsanta: god bless you all
(01:05 / All) BackStabbing: FUCK OFF
(01:10 / All) BackStabbing: YOU GAVE ME HERPIES
(01:32 / Allies) BackStabbing: rush
(01:36 / Allies) BackStabbing: or creep ?
(03:21 / All) BackStabbing: SUCCESS
(03:24 / All) BackStabbing: :(]
(03:29 / All) deck.the.balls: >:}
(03:38 / All) BackStabbing: ILL SAVE YOU FOR LAST
(03:56 / All) TojarasTurkey: hey purple
(04:01 / All) TojarasTurkey: do you beleive in santa clause
(04:09 / All) BackStabbing: ONLY WHEN HE JACKS ME OFF
(04:20 / All) yousecretsanta: him say he suck yo own dick>
(04:26 / All) deck.the.balls: do you leave him a nice cool cup of cum
(05:53 / Allies) TojarasTurkey: creep this for me blue
(06:20 / All) BackStabbing: :O
(06:29 / All) deck.the.balls: 0 xp
(06:31 / All) deck.the.balls: what a noob
(06:37 / All) BackStabbing: your still trash
(06:46 / All) deck.the.balls: you're
(07:26 / All) BackStabbing: i enjoyed killing you
(07:28 / All) BackStabbing: nontheless
(08:22 / Allies) A1ieN.: lol
(09:18 / All) BackStabbing: :O
(10:08 / All) BackStabbing: your too pro green
(10:11 / All) BackStabbing: i envy you
(10:22 / Allies) A1ieN.: red is the most leet
(10:28 / All) BackStabbing: RED
(10:31 / All) BackStabbing: I ENVY YOU
(10:39 / All) BackStabbing: NOT LIKE SIEGE CANT REMEDY YOU
(10:46 / All) BackStabbing: KEEP BUILDING BABY
(10:59 / Allies) BackStabbing: orcs
(11:01 / All) deck.the.balls: u gay son?
(11:05 / Allies) BackStabbing: get the fortification upgrade
(11:10 / Allies) BackStabbing: w/o it your towers are trash
(11:44 / Allies) A1ieN.: lumber anyone
(11:44 / All) deck.the.balls: gj
(11:45 / Allies) A1ieN.: for gold
(12:10 / All) deck.the.balls: u gay son??
(12:52 / All) BackStabbing: green you clearly won
(12:57 / All) BackStabbing: i should leave
(13:00 / All) deck.the.balls: ya
(13:08 / All) deck.the.balls: nice dust
(13:11 / All) deck.the.balls: a timely purchase
(13:18 / All) BackStabbing: :O
(13:27 / All) BackStabbing: MY BABY!@
(13:51 / Allies) BackStabbing: guys
(13:54 / Allies) BackStabbing: kill grene
(13:55 / Allies) BackStabbing: k?
(14:01 / Allies) A1ieN.: lets go
(14:40 / Allies) BackStabbing: omming
(14:43 / Allies) BackStabbing: comming
(15:23 / Allies) A1ieN.: b
(15:52 / Allies) BackStabbing: out
(16:02 / All) MsClausPlusNine: ding dong merrily on high
(16:31 / All) MsClausPlusNine: peace & grease
(16:37 / All) BackStabbing: you ost
(16:38 / All) BackStabbing: leave
(16:43 / All) MsClausPlusNine: http://highper.ch/
(16:43 / All) yousecretsanta: good will twoards all men
(16:55 / All) yousecretsanta: merry tidings to all!
(17:04 / All) MsClausPlusNine: & to all a good night
(18:51 / Allies) BackStabbing: use flare
(18:53 / Allies) BackStabbing: noob
(19:44 / Allies) BackStabbing: blue
(19:45 / Allies) BackStabbing: your sht
(19:48 / Allies) BackStabbing: fuck off
(19:58 / Allies) A1ieN.: fuck u
(20:02 / Allies) BackStabbing: you feed
(20:06 / Allies) BackStabbing: you didnt even flare
(20:08 / Allies) BackStabbing: you bvlow
(20:35 / Allies) BackStabbing: we lost
(20:36 / Allies) BackStabbing: to towers
(20:38 / Allies) BackStabbing: i mean ffs
(20:42 / Allies) BackStabbing: you guys are jackoffs
(20:44 / Allies) BackStabbing: wtf are you doing
(20:47 / Allies) TojarasTurkey: ??
(20:49 / Allies) TojarasTurkey: lolumad?
(20:55 / Allies) BackStabbing: yes
(20:58 / Allies) BackStabbing: i hate retards
(20:59 / All) deck.the.balls: purple
(21:02 / Allies) BackStabbing: im about to unsummon
(21:02 / All) deck.the.balls: u mad son?
(21:10 / Allies) TojarasTurkey: on no
(21:14 / All) BackStabbing: blue is a fucktard
(21:18 / All) BackStabbing: of course im fucking mad
(21:19 / All) MsClausPlusNine: stop unsummon
(21:20 / All) yousecretsanta: dont quit
(21:20 / All) deck.the.balls: nice noobscuse :D
(21:22 / All) deck.the.balls: blame ally
(21:24 / All) BackStabbing: he dosnt even have flare
(21:24 / All) yousecretsanta: stay please
(21:26 / All) yousecretsanta: stay
(21:32 / Allies) BackStabbing: they got mass air
(21:35 / Allies) BackStabbing: gg
(24:11 / Allies) BackStabbing: hey look
(24:13 / Allies) BackStabbing: towers
(24:14 / Allies) BackStabbing: sweet
(24:33 / Allies) TojarasTurkey: hehehe
(25:02 / Allies) BackStabbing: go blue
(25:04 / Allies) BackStabbing: so pro
(26:24 / All) TojarasTurkey: denid
(26:44 / All) TojarasTurkey: why u guys make so many tower
(26:49 / All) MsClausPlusNine: spirit of xmas
(27:25 / Allies) BackStabbing: bakc
(27:26 / Allies) BackStabbing: fuck iff
(27:27 / Allies) BackStabbing: gl
(27:43 / Allies) BackStabbing: you guys suck
(27:45 / Allies) BackStabbing: s0 mcuh
(27:56 / Allies) TojarasTurkey: hmm
(28:03 / Allies) TojarasTurkey: well i just got game as early xmas presant
(28:06 / All) deck.the.balls: purp u should apologize to your team
(28:06 / All) TojarasTurkey: what should i do?
(28:08 / All) deck.the.balls: for your terrible play
(28:13 / All) deck.the.balls: you made them lose
(29:37 / All) TojarasTurkey: lol soz
(29:39 / Allies) BackStabbing: yey
(29:42 / Allies) BackStabbing: for retardation
(30:35 / All) MsClausPlusNine: it hurts sometimes
(30:38 / All) MsClausPlusNine: being so good @ this game
(30:47 / Allies) TojarasTurkey: blue can ur dude heal me
(31:04 / Allies) TojarasTurkey: hahahha
(31:17 / All) TojarasTurkey: i think blue a new player?
(31:26 / All) deck.the.balls: he and purp
(31:32 / All) MsClausPlusNine: purp the worst though
(31:32 / All) deck.the.balls: birdnoobs of a feather
(31:33 / All) MsClausPlusNine: yesus
(31:35 / All) deck.the.balls: flock together
(33:02 / All) yousecretsanta: don we now our gay apparel
(33:29 / All) MsClausPlusNine: purp: World's Largest Shitnoob?
(34:14 / Allies) BackStabbing: guys just l;etting you know
(34:18 / Allies) BackStabbing: we lost to heros and towers
(34:21 / Allies) BackStabbing: juast incase
(34:23 / Allies) BackStabbing: you were jacking off
(34:25 / Allies) BackStabbing: all game
(34:30 / All) MsClausPlusNine: purple
(34:32 / Allies) TojarasTurkey: hmm
(34:33 / All) MsClausPlusNine: were the one
(34:35 / All) MsClausPlusNine: jacking off
(34:41 / Allies) TojarasTurkey: wtf
(36:00 / All) deck.the.balls: way to backstab purple
(36:07 / All) deck.the.balls: you could've done it a lot faster though
(36:34 / All) MsClausPlusNine: wreath stage1 almost complete
(37:06 / All) BackStabbing: rofl it looks like a reath
(37:17 / All) deck.the.balls: its a christmas towering miracle
(37:30 / All) BackStabbing: Roflmao
(37:39 / All) yousecretsanta: this was never going to get done thansk to old man winter and his frosty wyrms
(41:24 / All) MsClausPlusNine: woooooow
(42:38 / Allies) BackStabbing: teal do fucking something..
(42:45 / Allies) TojarasTurkey: im making a maze
(42:48 / All) MsClausPlusNine: purp
(42:49 / Allies) TojarasTurkey: ill let u kno when its finished
(42:51 / All) MsClausPlusNine: do it yoursefl
(42:54 / Allies) BackStabbing: your being a fucking retard.
(43:02 / All) deck.the.balls: do it now
(45:09 / All) deck.the.balls: you got me
(45:12 / All) deck.the.balls: nice
(45:16 / All) deck.the.balls: only took you what 45 minutes
(45:39 / All) TojarasTurkey: |SHITU
(48:36 / Allies) BackStabbing: so like are all of you bsers?
(48:53 / Allies) BackStabbing: oj come with me
(53:38 / All) yousecretsanta: the war on christmas has just begun
(57:27 / All) yousecretsanta: i was blalcokign yo0ur paladin
(57:30 / All) yousecretsanta: with my invis
(57:33 / All) yousecretsanta: heroes
(60:00 / All) TojarasTurkey: IOB
(60:04 / All) TojarasTurkey: 0n ur mark
(60:12 / All) TojarasTurkey: get set
(60:17 / All) TojarasTurkey: GO
(60:46 / All) TojarasTurkey: 2ez
(61:06 / All) TojarasTurkey: no christmas on jamaca island
(62:27 / All) MsClausPlusNine: aight yellow you want to be in a clan?
(62:30 / All) MsClausPlusNine: i can get you into clan towa
(62:34 / All) MsClausPlusNine: for helping us make this wreath
(62:40 / All) TojarasTurkey: ^^
(62:44 / All) deck.the.balls: christmas clan
(62:52 / All) deck.the.balls: we love christmas in clan towa